BLB
MONTREAL EXPORTS @ INDIANAPOLIS CLOWNS
03/27/2060
 
TOP OF THE 1ST
Montreal Exports batting - Pitching for Indianapolis Clowns : RHP Troy Cooper
Pitching: RHP Troy Cooper
Batting: RHB Cody Henning 0-0: Called Strike
0-1: Foul Ball, location: 2F
0-2: Ball
1-2: Strikes out looking
Batting: LHB Roshown Guillen 0-0: Ball
1-0: Foul Ball, location: 2F
1-1: Foul Ball, location: 2F
1-2: Foul Ball, location: 2F
1-2: Ball
2-2: Strikes out swinging
Batting: LHB Teddy Burch 0-0: Called Strike
0-1: Ball
1-1: Ball
2-1: Ball
3-1: Swinging Strike
3-2: Foul Ball, location: 2F
3-2: SINGLE (Line Drive, 4MD, EV 98.8 MPH)
Batting: RHB Eli Tracy 0-0: Ball
1-0: Ball
2-0: Foul Ball, location: 2F
2-1: TRIPLE (Flyball, 89XD, EV 95.6 MPH)
Teddy Burch scores
Batting: RHB TeMarcus Turner 0-0: Called Strike
0-1: Swinging Strike
0-2: Ball
1-2: Foul Ball, location: 2F
1-2: Strikes out looking
Top of the 1st over - 1 run, 2 hits, 0 errors, 1 left on base; Montreal 1 - Indianapolis 0
BOTTOM OF THE 1ST
Indianapolis Clowns batting - Pitching for Montreal Exports : RHP Jake Stewart
Pitching: RHP Jake Stewart
Batting: RHB Gage Hay 0-0: Ball
1-0: Ball
2-0: Foul Ball, location: 2F
2-1: Foul Ball, location: 2F
2-2: Strikes out swinging
Batting: RHB Kristian LeDoux 0-0: Called Strike
0-1: Ball
1-1: Ball
2-1: Swinging Strike
2-2: Strikes out swinging
Batting: LHB Sean Hayward 0-0: Ball
1-0: Foul Ball, location: 2F
1-1: Ball
2-1: Swinging Strike
2-2: Foul Ball, location: 2F
2-2: Strikes out looking
Bottom of the 1st over - 0 runs, 0 hits, 0 errors, 0 left on base; Montreal 1 - Indianapolis 0
TOP OF THE 2ND
Montreal Exports batting - Pitching for Indianapolis Clowns : RHP Troy Cooper
Batting: RHB Andy Christman 0-0: Called Strike
0-1: Ball
1-1: Ball
2-1: Foul Ball, location: 2F
2-2: Strikes out swinging
Batting: RHB Max Johnson 0-0: Ball
1-0: Called Strike
1-1: Ball
2-1: Foul Ball, location: 2F
2-2: Reached on error, E3 (Groundball, 34S, EV 81.9 MPH)
Batting: RHB Jared Lewis 0-0: Ball
1-0: Ground out 5-3 (Groundball, 15, EV 91.2 MPH)
Batting: RHB Kyle Long 0-0: Fly out, F5 (Line Drive, 5, EV 74.4 MPH)
Top of the 2nd over - 0 runs, 0 hits, 1 error, 1 left on base; Montreal 1 - Indianapolis 0
BOTTOM OF THE 2ND
Indianapolis Clowns batting - Pitching for Montreal Exports : RHP Jake Stewart
Batting: LHB Grady Faulkner 0-0: Called Strike
0-1: Ball
1-1: Foul Ball, location: 2F
1-2: Fly out, F7 (Flyball, 78S, EV 86.2 MPH)
Batting: SHB Darren Lane 0-0: Called Strike
0-1: Ball
1-1: Foul Ball, location: 2F
1-2: Strikes out swinging
Batting: RHB Jett Speer 0-0: Ball
1-0: Ball
2-0: Called Strike
2-1: Fly out, F7 (Line Drive, 7, EV 84.4 MPH)
Bottom of the 2nd over - 0 runs, 0 hits, 0 errors, 0 left on base; Montreal 1 - Indianapolis 0
TOP OF THE 3RD
Montreal Exports batting - Pitching for Indianapolis Clowns : RHP Troy Cooper
Batting: RHB Cody Henning 0-0: Ball
1-0: Ball
2-0: Ball
3-0: Swinging Strike
3-1: Swinging Strike
3-2: Foul Ball, location: 2F
3-2: Strikes out swinging
Batting: LHB Roshown Guillen 0-0: DOUBLE (Line Drive, 5D, EV 103.1 MPH)
Batting: LHB Teddy Burch 0-0: Called Strike
0-1: Swinging Strike
0-2: Fly out, F8 (Line Drive, 8LM, EV 97.5 MPH)
Batting: RHB Eli Tracy 0-0: Fly out, F2 (Popup, 13S, EV 88.1 MPH)
Top of the 3rd over - 0 runs, 1 hit, 0 errors, 1 left on base; Montreal 1 - Indianapolis 0
BOTTOM OF THE 3RD
Indianapolis Clowns batting - Pitching for Montreal Exports : RHP Jake Stewart
Batting: LHB Elias Owen 0-0: Bunted foul
0-1: Ball
1-1: Ball
2-1: Foul Ball, location: 2F
2-2: Ground out 4-3 (Groundball, 4M, EV 89.4 MPH)
Batting: RHB Blake Kahn 0-0: Foul Ball, location: 2F
0-1: Ball
1-1: Ball
2-1: Reached on error, E6 (Groundball, 6, EV 85.0 MPH)
Batting: RHB Jared Bradley 0-0: Called Strike
0-1: Ball
1-1: Ball
2-1: Ball
3-1: Foul Ball, location: 2F
3-2: Base on Balls
Batting: RHB Gage Hay 0-0: Ball
1-0: Ball
2-0: Ball
3-0: SINGLE (Groundball, 56D, EV 101.2 MPH)
Blake Kahn to third
Jared Bradley to second
Batting: RHB Kristian LeDoux 0-0: Called Strike
0-1: Called Strike
0-2: Ball
1-2: Fly out, F7 (Line Drive, 7, EV 99.4 MPH)
Runner from 3rd tags up, SCORES, throw by LF
Batting: LHB Sean Hayward 0-0: Ball
1-0: Called Strike
1-1: Swinging Strike
1-2: Strikes out swinging
Bottom of the 3rd over - 1 run, 1 hit, 1 error, 2 left on base; Montreal 1 - Indianapolis 1
TOP OF THE 4TH
Montreal Exports batting - Pitching for Indianapolis Clowns : RHP Troy Cooper
Batting: RHB TeMarcus Turner 0-0: Called Strike
0-1: Fly out, F9 (Flyball, 9D, EV 81.2 MPH)
Batting: RHB Andy Christman 0-0: Ball
1-0: Foul Ball, location: 2F
1-1: Ball
2-1: Ground out 4-3 (Groundball, 4D, EV 103.1 MPH)
Batting: RHB Max Johnson 0-0: Ball
1-0: Called Strike
1-1: Ball
2-1: Ball
3-1: Swinging Strike
3-2: Base on Balls
Batting: RHB Jared Lewis 0-0: Called Strike
Max Johnson steals 2nd base
0-1: Ball
1-1: DOUBLE (Flyball, 78D, EV 114.4 MPH)
Max Johnson scores
Batting: RHB Kyle Long 0-0: Foul Ball, location: 2F
0-1: Ground out U3 (Groundball, 34D, EV 99.4 MPH)
Top of the 4th over - 1 run, 1 hit, 0 errors, 1 left on base; Montreal 2 - Indianapolis 1
BOTTOM OF THE 4TH
Indianapolis Clowns batting - Pitching for Montreal Exports : RHP Jake Stewart
Batting: LHB Grady Faulkner 0-0: Ball
1-0: Ball
2-0: Ball
3-0: Called Strike
3-1: Base on Balls
Batting: SHB Darren Lane 0-0: Ball
1-0: Ball
2-0: Ball
3-0: Called Strike
3-1: Base on Balls
Grady Faulkner to second
Batting: RHB Jett Speer 0-0: Ball
1-0: Called Strike
1-1: 3-RUN HOME RUN (Flyball, 7LD, EV 92.5 MPH), Distance : 337 ft
Batting: LHB Elias Owen 0-0: Ground out 5-3 (Groundball, 56, EV 106.9 MPH)
Batting: RHB Blake Kahn 0-0: Called Strike
0-1: Ball
1-1: Called Strike
1-2: Ball
2-2: Strikes out swinging
Batting: RHB Jared Bradley 0-0: Called Strike
0-1: Fly out, F9 (Line Drive, 9S, EV 96.2 MPH)
Bottom of the 4th over - 3 runs, 1 hit, 0 errors, 0 left on base; Montreal 2 - Indianapolis 4
TOP OF THE 5TH
Montreal Exports batting - Pitching for Indianapolis Clowns : RHP Troy Cooper
Pitching: RHP Cooper Mazza
Now at C: John Jones
Now at 1B: Joey Wilburn
Now at 2B: Isaac Rowe
Now at 3B: Blaise McFarland
Now at SS: Gage Hay
Now in CF: Keyon Yamamoto
Pinch Hitting: RHB Asher Miles 0-0: Ball
1-0: Called Strike
1-1: Ground out 6-3 (Groundball, 6, EV 82.5 MPH)
Batting: LHB Roshown Guillen 0-0: Called Strike
0-1: Called Strike
0-2: Ball
1-2: Ground out U3 (Groundball, 34S, EV 83.1 MPH)
Pinch Hitting: LHB Josh Plautz 0-0: Foul Ball, location: 2F
0-1: Fly out, F7 (Flyball, 7S, EV 85.0 MPH)
Top of the 5th over - 0 runs, 0 hits, 0 errors, 0 left on base; Montreal 2 - Indianapolis 4
BOTTOM OF THE 5TH
Indianapolis Clowns batting - Pitching for Montreal Exports : RHP Jake Stewart
Pitching: LHP Tyler Erickson
Now at C: Al Bush
Now at 3B: Jayden Marotta
Now at SS: Asher Miles
Now in LF: Henry Miller
Now in CF: Josh Plautz
Batting: RHB Gage Hay 0-0: Ball
1-0: SINGLE (Line Drive, 9S, EV 91.2 MPH)
Batting: RHB Joey Wilburn 0-0: Called Strike
0-1: Ball
1-1: Ball
2-1: Grounds into double play, 5-4-3 (Groundball, 56, EV 103.8 MPH)
Batting: RHB Blaise McFarland 0-0: Foul Ball, location: 2F
0-1: Ball
1-1: Ball
2-1: Swinging Strike
2-2: Ball
3-2: Strikes out swinging
Bottom of the 5th over - 0 runs, 1 hit, 0 errors, 0 left on base; Montreal 2 - Indianapolis 4
TOP OF THE 6TH
Montreal Exports batting - Pitching for Indianapolis Clowns : RHP Cooper Mazza
Now in RF: Lee Vincent
Batting: RHB Henry Miller 0-0: Ball
1-0: SINGLE (Groundball, 6S, EV 62.5 MPH) (infield hit)
Pinch Hitting: RHB Landon Zitter Pickoff Throw to First - Out! 1-3
0-0: Called Strike
0-1: Ball
1-1: Ball
2-1: Ball
3-1: Ground out 6-3 (Groundball, 6M, EV 82.5 MPH)
Batting: LHB Jayden Marotta 0-0: Ball
1-0: Called Strike
1-1: Fly out, F9 (Flyball, 9S, EV 74.4 MPH)
Top of the 6th over - 0 runs, 1 hit, 0 errors, 0 left on base; Montreal 2 - Indianapolis 4
BOTTOM OF THE 6TH
Indianapolis Clowns batting - Pitching for Montreal Exports : LHP Tyler Erickson
Pitching: RHP Dean Kusuma
Now at 1B: Landon Zitter
Pinch Hitting: RHB Bryant Francis 0-0: Ball
1-0: Ball
2-0: Foul Ball, location: 2F
2-1: Foul Ball, location: 2F
2-2: Foul Ball, location: 2F
2-2: Ground out 6-3 (Groundball, 6, EV 88.1 MPH)
Batting: RHB Isaac Rowe 0-0: Ground out 6-3 (Groundball, 4M, EV 103.1 MPH)
Batting: LHB Delano Hurme 0-0: Ball
1-0: Called Strike
1-1: Ball
2-1: Ball
3-1: Swinging Strike
3-2: Strikes out looking
Bottom of the 6th over - 0 runs, 0 hits, 0 errors, 0 left on base; Montreal 2 - Indianapolis 4
TOP OF THE 7TH
Montreal Exports batting - Pitching for Indianapolis Clowns : RHP Cooper Mazza
Pitching: RHP Kristofer Humberto
Now in LF: Bryant Francis
Batting: RHB Max Johnson 0-0: Called Strike
0-1: Ball
1-1: Ball
2-1: Ball
3-1: Fly out, F4 (Popup, 4S, EV 80.6 MPH)
Batting: RHB Al Bush 0-0: Ground out 4-3 (Groundball, 34, EV 92.5 MPH)
Batting: RHB Kyle Long 0-0: Fly out, F7 (Flyball, 7D, EV 78.8 MPH)
Top of the 7th over - 0 runs, 0 hits, 0 errors, 0 left on base; Montreal 2 - Indianapolis 4
BOTTOM OF THE 7TH
Indianapolis Clowns batting - Pitching for Montreal Exports : RHP Dean Kusuma
Batting: RHB Lee Vincent 0-0: Called Strike
0-1: Called Strike
0-2: Strikes out swinging
Batting: RHB John Jones 0-0: Ball
1-0: Swinging Strike
1-1: Foul Ball, location: 2F
1-2: Strikes out looking
Batting: RHB Keyon Yamamoto 0-0: Called Strike
0-1: Called Strike
0-2: Ball
1-2: Ball
2-2: Ground out 3-1 (Groundball, 34S, EV 85.0 MPH)
Bottom of the 7th over - 0 runs, 0 hits, 0 errors, 0 left on base; Montreal 2 - Indianapolis 4
TOP OF THE 8TH
Montreal Exports batting - Pitching for Indianapolis Clowns : RHP Kristofer Humberto
Pitching: LHP Denver Benson
Batting: RHB Asher Miles 0-0: Ball
1-0: Called Strike
1-1: Ball
2-1: Swinging Strike
2-2: Foul Ball, location: 2F
2-2: Strikes out looking
Batting: RHB Teddy Pettaway 0-0: Called Strike
0-1: Called Strike
0-2: Strikes out swinging
Batting: LHB Josh Plautz 0-0: Ball
1-0: Called Strike
1-1: Ground out 4-3 (Groundball, 34D, EV 105.6 MPH)
Top of the 8th over - 0 runs, 0 hits, 0 errors, 0 left on base; Montreal 2 - Indianapolis 4
BOTTOM OF THE 8TH
Indianapolis Clowns batting - Pitching for Montreal Exports : RHP Dean Kusuma
Pitching: RHP Payton Lambert
Batting: RHB Gage Hay 0-0: Called Strike
0-1: Called Strike
0-2: Strikes out swinging
Batting: RHB Joey Wilburn 0-0: Ground out 1-3 (Groundball, 15S, EV 70.6 MPH)
Batting: RHB Blaise McFarland 0-0: Ball
1-0: Ball
2-0: Ball
3-0: Called Strike
3-1: Foul Ball, location: 2F
3-2: Base on Balls
Batting: RHB Bryant Francis 0-0: Called Strike
0-1: Ball
1-1: Ball
2-1: Called Strike
2-2: Ball
3-2: Foul Ball, location: 2F
3-2: Base on Balls
Blaise McFarland to second
Batting: RHB Isaac Rowe 0-0: Ball
1-0: Ball
2-0: Called Strike
2-1: SINGLE (Flyball, 56D, EV 87.5 MPH)
Blaise McFarland to third
Bryant Francis to second
Runner from 3rd tries for Home, SAFE, throw by LF to home
Batting: LHB Delano Hurme 0-0: Swinging Strike
0-1: Fielders Choice at 2nd, 5-4 (Groundball, 5, EV 76.2 MPH)
Bottom of the 8th over - 1 run, 1 hit, 0 errors, 2 left on base; Montreal 2 - Indianapolis 5
TOP OF THE 9TH
Montreal Exports batting - Pitching for Indianapolis Clowns : LHP Denver Benson
Pitching: RHP Jaden Froman
Batting: RHB Henry Miller 0-0: Ball
1-0: Called Strike
1-1: Foul Ball, location: 2F
1-2: Ball
2-2: Strikes out swinging
Batting: RHB Landon Zitter 0-0: Called Strike
0-1: Foul Ball, location: 2F
0-2: Strikes out looking
Batting: LHB Jayden Marotta 0-0: Ball
1-0: Ball
2-0: SOLO HOME RUN (Flyball, 89XD, EV 99.4 MPH), Distance : 399 ft
Batting: RHB Max Johnson 0-0: Ball
1-0: Called Strike
1-1: Ground out 4-3 (Groundball, 4, EV 83.8 MPH)
Top of the 9th over - 1 run, 1 hit, 0 errors, 0 left on base; Montreal 3 - Indianapolis 5
Wednesday, April 17th , 2024 - OOTP Baseball 23.10 Build 110